 Dungeon Crawl Stone Soup version 0.29.0-4-gdea44cf6ec (webtiles) character file.

Game seed: 1367232133386001211

42 DemonSlayer the Firebug (level 3, -6/24 HPs)
             Began as a Demonspawn Fire Elementalist on Aug 26, 2022.
             Mangled by a large abomination (30 damage)
             ... on level 2 of the Abyss.
             The game lasted 00:04:36 (1838 turns).

DemonSlayer the Firebug (DsFE)                      Turns: 1838, Time: 00:04:38

Health: -6/24      AC:  2    Str: 14    XL:     3   Next: 33%
Magic:  0/6        EV: 12    Int: 23    God:
Gold:   29         SH:  0    Dex: 13    Spells: 1/7 levels left

rFire   . . .      SeeInvis .   k - +9 long sword of Ahorhoub {drain, rPois Int+5 Stlth-}
rCold   . . .      Faith    .   (no shield)
rNeg    . . .      Spirit   .   a - +0 robe
rPois   +          Reflect  .   (no helmet)
rElec   .          Harm     .   (no cloak)
rCorr   .          Rampage  .   (no gloves)
Will    .....                   (no boots)
Stlth   +.........              (no amulet)
HPRegen 0.08/turn               i - +6 ring of strength
MPRegen 0.10/turn               (no ring)

@: no status effects
A: demonic guardian 1, weakness stinger 1
a: no special abilities


You were on level 2 of the Abyss.
You visited 1 branch of the dungeon, and saw 2 of its levels.
You visited the Abyss 1 time.

You collected 29 gold pieces.

Inventory:

Hand Weapons
 k - the +9 long sword of Ahorhoub (weapon) {drain, rPois Int+5 Stlth-}
   (You found it on level 2 of the Dungeon)

   A truly terrible weapon, it drains the life of any living foe it strikes.
   Int:       It affects your intelligence (+5).
   rPois:     It protects you from poison.
   Stlth:     It makes you less stealthy.
Missiles
 g - 6 atropa-tipped darts
Armour
 a - a +0 robe (worn)
Jewellery
 i - a +6 ring of strength (left hand)
Scrolls
 e - a scroll of enchant weapon {unknown}
 h - a scroll of fog {unknown}
 j - a scroll of identify {unknown}
Potions
 b - a potion of magic
 f - a potion of lignification {unknown}


   Skills:
 + Level 0.2 Maces & Flails
 + Level 2.0 Dodging
 + Level 1.9 Stealth
 + Level 2.5 Spellcasting
 + Level 1.6 Conjurations
 + Level 3.1 Fire Magic


You had one spell level left.
You knew the following spells:

 Your Spells              Type           Power      Damage    Failure   Level
a - Foxfire               Conj/Fire      56%        2x1d6     4%          1
b - Scorch                Fire           34%        2d6       4%          2
c - Conjure Flame         Conj/Fire      14%        6-21      14%         3

Your spell library contained the following spells:

 Spells                   Type           Power      Damage    Failure   Level
 Inner Flame              Hex/Fire       10%        N/A       19%         3
 Flame Wave               Conj/Fire      14%        2d6       41%         4
 Leda's Liquefaction      Hex/Erth       1%         N/A       77%         4
 Monstrous Menagerie      Summ           1%         N/A       100%        7
 Shatter                  Erth           1%         3d5*      100%        9


Dungeon Overview and Level Annotations

Branches:
Dungeon (2/15)

Altars:

Shops:
D:1 [


Innate Abilities, Weirdness & Mutations

A weak demonic guardian rushes to your aid.
You have a small tail.


Message History

There is not enough space to conjure foxfire!
There is not enough space to conjure foxfire!
You completely miss the ball python.
The ball python is heavily wounded.
The foxfire hits the ball python.
You kill the ball python!
No target in view!
No target in view!
No target in view!
Your foxfire dissipates!
There is an escape hatch in the floor here.
You see here the +9 long sword of Ahorhoub {drain, rPois Int+5 Stlth-}.
k - the +9 long sword of Ahorhoub {drain, rPois Int+5 Stlth-} Setting a skill training target for Long Blades at 14.0.
Really unwield
d - a +0 whip of distortion?
You feel clever.
You sense an unholy aura.
k - the +9 long sword of Ahorhoub (weapon)
{drain, rPois Int+5 Stlth-} You are cast into the Abyss!
To return, you must find a gate leading back.
Killing monsters will force the Abyss to allow you passage.
This branch contains the abyssal rune of Zot.
You drop a +0 dagger.
You drop a +0 whip of distortion.
Magic restored.
There is an empty arch of ancient stone here.
A large abomination comes into view.
Flames lash the large abomination but do no damage.
Flames lash the large abomination.
The large abomination is lightly damaged.
The large abomination's fire resistance burns away.
The large abomination closely misses you.
Flames lash the large abomination but do no damage.
The large abomination misses you.
You slash the large abomination!
The large abomination is lightly damaged.
The large abomination is no longer more vulnerable to fire.
The large abomination closely misses you.
The large abomination hits you!!
Ouch! That really hurt!
You die...

.# #. .. ..## . #. .#.
#. . # .# ..# .## .. ..
.##... .. ....# . . .
... .#. ## #.. ## X..
#.# #.### ##. ..... .
##.#..###@.#. ...
#.....
#...#..#.X#.♣###...~≈..
#.#.#..~~~..# ~~~~≈
###.###~~...#...∩~
#..#............ . ..
##...#....#.. .# ...
##.###.#..###.# .# ###
########. . # .## .. #


You could see a large abomination.

Vanquished Creatures
  A dart slug (D:1)
  3 ball pythons
  7 endoplasms
  A giant cockroach (D:1)
  2 goblins (D:1)
  3 hobgoblins (D:1)
  A jackal (D:1)
  2 kobolds (D:1)
  7 bats (D:1)
  2 frilled lizards (D:1)
  2 rats (D:1)
31 creatures vanquished.

Vanquished Creatures (collateral kills)
  2 jackals (D:1)
2 creatures vanquished.

Vanquished Creatures (others)
  94 foxfires
94 creatures vanquished.

Grand Total: 127 creatures vanquished

Notes
Turn   | Place    | Note
-------+----------+-------------------------------------------
     0 | D:1      | DemonSlayer the Demonspawn Fire Elementalist began the
                  | quest for the Orb.
     0 | D:1      | Reached XP level 1. HP: 13/13 MP: 3/3
    75 | D:1      | Found Yravee's Armour Emporium.
   468 | D:1      | Gained mutation: You have a small tail. [demonic ancestry]
   468 | D:1      | Reached XP level 2. HP: 19/19 MP: 5/5
   474 | D:1      | Learned a level 2 spell: Scorch
   629 | D:1      | Reached skill level 3 in Fire Magic
   686 | D:1      | Got the Collected Works on Unified Minerals
  1212 | D:1      | Found a faded altar of an unknown god.
  1225 | D:1      | Gained mutation: A weak demonic guardian rushes to your
                  | aid. [demonic ancestry]
  1225 | D:1      | Reached XP level 3. HP: 19/24 MP: 2/6
  1236 | D:1      | Learned a level 3 spell: Conjure Flame
  1739 | D:2      | Identified the +9 long sword of Ahorhoub {drain, rPois
                  | Int+5 Stlth-}
  1792 | Abyss:2  | Cast into level 2 of the Abyss (unwielding a weapon of
                  | distortion)
  1828 | Abyss:2  | Noticed a large abomination
  1838 | Abyss:2  | Mangled by a large abomination

Illustrated notes

Levels and vault maps discovered:
D:1:      minmay_arrival_arboretum_large, layout_loops_ring, serial_shops,
          nicolae_shop_waterfront, hellmonk_ecumenical_altar_run_dry
D:2:      layout_loops_ring
Abyss:2:  base: D:1, hangedman_cross_veins

Skill      XL: |  1  2  3 |
---------------+----------+-----
Fire Magic     | 3 |  3.1
Dodging        | 2 |  2.0
Maces & Flails | |  0.2
Stealth        | |  1.9
Spellcasting   | |  2.5
Conjurations   | |  1.6

Action                   || total
-------------------------++-------
Melee: Whip              ||    30
       Tailslap          ||     5
       Punch             ||     1
       Long sword        ||     1
 Cast: Foxfire           ||    68
       Scorch            ||     3
 Stab: Sleeping          ||     3
Armor: Robe              ||    11
Dodge: Dodged            ||    46
